 Dungeon Sprint DCSS version 0.29.1-2-gbd0b4ee654 (webtiles) character file.

Game seed: 16787816051979035379

5135 Zeld the Severer (level 10, -32/102 HPs)
             Began as a Minotaur Berserker on Oct 27, 2022.
             Was a High Priest of Trog.
             Killed from afar by a hellephant (62 damage)
             ... with a blast of flame
             ... in the Dungeon (Sprint II: "The Violet Keep of Menkaure").
             The game lasted 00:03:58 (2166 turns).

Zeld the Severer (Minotaur Berserker)               Turns: 2166, Time: 00:03:58

Health: -32/102    AC:  3    Str: 27    XL:     10   Next: 33%
Magic:  9/9        EV: 15    Int:  4    God:    Trog [*****.]
Gold:   315        SH:  0    Dex:  9    Spells: 9/9 levels left

rFire   . . .      SeeInvis +   a - +8 battleaxe (flame)
rCold   . . .      Faith    .   (shield currently unavailable)
rNeg    . . .      Spirit   .   b - +0 animal skin
rPois   .          Reflect  .   (helmet restricted)
rElec   .          Harm     .   (no cloak)
rCorr   .          Rampage  .   (no gloves)
Will    .....      NoTele   +   (no boots)
Stlth   +.........              (no amulet)
HPRegen 0.27/turn               j - ring of flight
MPRegen 0.11/turn               k - ring of see invisible

@: untranslocatable, on berserk cooldown, flying, slowed, very slow
A: horns 2, retaliatory headbutt
a: Renounce Religion, Berserk, Trog's Hand, Brothers in Arms


You were in the Dungeon.
You worshipped Trog.
Trog was extremely pleased with you.
You visited 1 branch You collected 1275 gold pieces.
You spent 960 gold pieces at shops.

Inventory:

Hand Weapons
 a - a +8 battleaxe of flaming (weapon)
Armour
 b - a +0 animal skin (worn)
Jewellery
 j - a ring of flight (left hand)
 k - a ring of see invisible (right hand)
Scrolls
 h - 2 scrolls of blinking
 m - 3 scrolls of identify {unknown}
 n - a scroll of summoning {unknown}
 r - 2 scrolls of amnesia {unknown}
 v - a scroll of vulnerability {unknown}
 w - a scroll of fear {unknown}
Potions
 c - 11 potions of curing
 d - 6 potions of heal wounds
 e - a potion of haste
 f - 6 potions of magic
 g - a potion of berserk rage
 i - a potion of might {unknown}
 o - 4 potions of cancellation {unknown}
 p - a potion of degeneration {unknown}
 q - 3 potions of flight {unknown}
 s - a potion of invisibility {unknown}
 t - 3 potions of mutation {unknown}
 u - 3 potions of lignification {unknown}
 x - 3 potions of resistance {unknown}
Miscellaneous
 l - a condenser vane


   Skills:
 + Level 13.7 Fighting
 * Level 18.6 Axes
 + Level 13.4 Armour
 + Level 12.4 Dodging


You had 9 spell levels left.
You didn't know any spells.
Your spell library was empty.

Dungeon Overview and Level Annotations

Branches:
Dungeon (1/1)

Altars:
Cheibriados
Dithmenos
Elyvilon
Fedhas
Gozag
Hepliaklqana
Kikubaaqudgha
Makhleb
Nemelex Xobeh
Okawaru
Qazlal
Ru
Sif Muna
Trog
Uskayaw
Vehumet
Wu Jian
Xom
Yredelemnul
Zin
The Shining One
Jiyva
Lugonu

Shops:
D ::!!=[=!!![!(?[

Annotations:
D exclusion: oklob plant, Roxanne, Sonja


Innate Abilities, Weirdness & Mutations

You have a pair of horns on your head.
You reflexively headbutt those who attack you in melee.


Message History

The purple draconian shifter breathes dispelling energy at you.
The bolt of dispelling energy misses you.
The hellephant misses you. The hellephant bites you. The hellephant gores you.
You see here Great Wizards, Vol.
VII.
Unknown command.
You open the hellephant like a pillowcase!!!
You burn the hellephant! You headbutt the hellephant!!
The hellephant is moderately wounded.
You slash the purple draconian shifter! You burn the purple draconian shifter.
Unknown command.
You slice the hellephant!! You burn the hellephant!
The hellephant is heavily wounded.
You closely miss the purple draconian shifter.
You are no longer berserk.
You are exhausted.
You feel yourself slow down.
The purple draconian shifter hits you with a +0 dagger!
* * * LOW HITPOINT WARNING * * *
The hellephant blinks!
You barely miss the purple draconian shifter.
The purple draconian shifter is almost dead.
The purple draconian shifter hits you but does no damage.
Unknown command.
You miss the purple draconian shifter.
Your headbutt misses the purple draconian shifter.
The purple draconian shifter is almost dead.
The purple draconian shifter completely misses you.
Unknown command.
You slash the purple draconian shifter! You burn the purple draconian shifter.
You kill the purple draconian shifter!
Trog accepts your kill.
Trog appreciates your killing of a magic user.
Unknown command.
You slice the hellephant!! You burn the hellephant.
You headbutt the hellephant, but do no damage.
The hellephant is severely wounded.
The hellephant breathes flames at you. The blast of flame hits you!!!
Ouch! That really hurt!
You die...

#):▓▓▓▓▓▓▓▓▓▓▓
#}○▓.):(.[..▓▓
#○°▓[.).....▓▓
+.##.#}}▓[..[[...▓▓...▓
...####▓...())..▓▓...▓ #
#..# .#▓[[.[....▓▓G..▓ #
+..# .#▓).......▓▓.G$▓ #
#..# .#▓|.(.Y[..▓▓q⌠.▓
####..##.#▓.)...@..▓▓.K.▓
..###.÷.##▓▓▓▓▓▓▓'▓▓▓▓'▓
.§§.~~)~~~~~~~§~~...≈≈≈▓
§§§.~#'########'###.≈≈≈▓
§§.§~#....._..#~)~##≈≈≈▓
§~~.~#...._._.#~§≈≈####▓
~~~~~#..._._._#§~~~≈##
≈≈~~~#.._._._.#~~~≈≈§#
§≈≈§~#._._._._#~§§§~≈+


You could see a hellephant (catching breath).

Vanquished Creatures
  A kraken (D)
  A draconian shifter (D)
  A glowing orange brain (D)
  A merfolk siren (D)
  A yaktaur (D)
  3 polar bears (D)
  A hornet (D)
  A blink frog (D)
  2 wyverns (D)
  Menkaure (D)
  3 water moccasins (D)
  4 necrophages (D)
  4 scorpions (D)
  4 tentacles (D)
28 creatures vanquished.

Vanquished Creatures (others)
  A water moccasin (D)
  12 tentacles (D)
13 creatures vanquished.

Grand Total: 41 creatures vanquished

Notes
Turn   | Place    | Note
-------+----------+-------------------------------------------
     0 | D        | Zeld the Minotaur Berserker began the quest for the Orb.
     0 | D        | Reached XP level 1. HP: 19/19 MP: 0/0
     1 | D        | Noticed a necrophage
     1 | D        | Noticed a necrophage
     1 | D        | Noticed a necrophage
     1 | D        | Noticed a necrophage
     7 | D        | Killed a necrophage
     8 | D        | Reached skill level 5 in Fighting
     8 | D        | Reached skill level 6 in Axes
     8 | D        | Reached XP level 2. HP: 29/29 MP: 1/1
     8 | D        | Reached XP level 3. HP: 36/36 MP: 2/2
    11 | D        | Killed a necrophage
    12 | D        | Reached skill level 8 in Axes
    12 | D        | Reached skill level 5 in Armour
    12 | D        | Reached skill level 5 in Dodging
    12 | D        | Reached XP level 4. HP: 44/44 MP: 3/3
    14 | D        | Killed a necrophage
    14 | D        | Reached ** piety under Trog
    15 | D        | Reached skill level 9 in Axes
    15 | D        | Reached XP level 5. HP: 52/52 MP: 4/4
    18 | D        | Reached skill level 10 in Axes
    41 | D        | Killed a water moccasin
    76 | D        | Noticed a wyvern
    76 | D        | Noticed a wyvern
    80 | D        | Noticed a merfolk siren
    89 | D        | Killed a merfolk siren
    90 | D        | Reached skill level 12 in Axes
    90 | D        | Reached XP level 6. HP: 23/63 MP: 5/5
    90 | D        | Reached XP level 7. HP: 26/70 MP: 6/6
   344 | D        | Reached *** piety under Trog
   353 | D        | Reached skill level 13 in Axes
   406 | D        | Killed a wyvern
   406 | D        | Reached **** piety under Trog
   407 | D        | Reached skill level 10 in Fighting
   408 | D        | Killed a wyvern
   409 | D        | Reached XP level 8. HP: 79/79 MP: 7/7
   455 | D        | Found Pavul's Antique Armour Emporium.
   456 | D        | Found Restru's Antique Weapon Emporium.
   456 | D        | Found Gexozxon's Distillery.
   457 | D        | Noticed a blink frog
   468 | D        | Found Damm's Distillery.
   470 | D        | Found Gydith's Magic Scroll Shoppe.
   470 | D        | Found Tiwoxt's Distillery.
   471 | D        | Found Socziska's Jewellery Emporium.
   471 | D        | Found Sagiu's Antique Armour Shoppe.
   471 | D        | Found Plog's Antique Armour Emporium.
   471 | D        | Found Denisi's Jewellery Shoppe.
   473 | D        | Killed a blink frog
   474 | D        | Reached skill level 14 in Axes
   474 | D        | Reached skill level 10 in Armour
   567 | D        | Found Zophat's Distillery.
   570 | D        | Found Mesumopea's Distillery.
   570 | D        | Found Fabethol's Distillery.
   570 | D        | Noticed Menkaure
   570 | D        | Noticed an oklob plant
   570 | D        | Noticed a manticore
   581 | D        | Killed Menkaure
   684 | D        | Found Iruudan's Book Shoppe.
   684 | D        | Found Woulutri's Book Shoppe.
   684 | D        | Noticed a manticore
   685 | D        | Noticed a manticore
   693 | D        | Bought a potion of heal wounds for 55 gold pieces
   693 | D        | Bought a potion of curing for 33 gold pieces
   695 | D        | Bought a potion of heal wounds for 65 gold pieces
   695 | D        | Bought a potion of heal wounds for 65 gold pieces
   703 | D        | Bought a potion of curing for 33 gold pieces
   703 | D        | Bought a potion of curing for 33 gold pieces
   703 | D        | Bought a potion of curing for 33 gold pieces
   703 | D        | Bought a potion of curing for 33 gold pieces
   707 | D        | Bought a potion of curing for 33 gold pieces
   707 | D        | Bought a potion of heal wounds for 55 gold pieces
   714 | D        | Bought a potion of heal wounds for 60 gold pieces
   716 | D        | Bought 2 potions of curing for 72 gold pieces
   729 | D        | Bought a ring of flight for 210 gold pieces
   729 | D        | Bought a ring of see invisible for 180 gold pieces
   754 | D        | Identified Roxanne's Secrets of the Quarry
   754 | D        | Noticed Roxanne
   862 | D        | Found an iron altar of Okawaru.
   862 | D        | Found a radiant altar of Vehumet.
   862 | D        | Found a sparkling altar of Nemelex Xobeh.
   862 | D        | Found a hide-covered altar of Uskayaw.
   862 | D        | Found an opulent altar of Gozag.
   862 | D        | Found a burning altar of Makhleb.
   862 | D        | Found a blossoming altar of Fedhas.
   862 | D        | Found a corrupted altar of Lugonu.
   862 | D        | Found a white marble altar of Elyvilon.
   862 | D        | Found a shadowy altar of Dithmenos.
   863 | D        | Found a glowing silver altar of Zin.
   863 | D        | Found a bloodstained altar of Trog.
   863 | D        | Found an ancient bone altar of Kikubaaqudgha.
   863 | D        | Found a snail-covered altar of Cheibriados.
   864 | D        | Found a basalt altar of Yredelemnul.
   864 | D        | Found a shimmering blue altar of Sif Muna.
   864 | D        | Found a viscous altar of Jiyva.
   869 | D        | Noticed a polar bear
   869 | D        | Noticed a polar bear
   871 | D        | Noticed a polar bear
   890 | D        | Killed a polar bear
  1283 | D        | Noticed a yaktaur
  1288 | D        | Found a hazy altar of Hepliaklqana.
  1288 | D        | Found a sacrificial altar of Ru.
  1288 | D        | Found a shimmering altar of Xom.
  1292 | D        | Killed a yaktaur
  1293 | D        | Reached skill level 15 in Axes
  1293 | D        | Reached skill level 10 in Dodging
  1293 | D        | Killed a polar bear
  1293 | D        | Reached ***** piety under Trog
  1294 | D        | Reached XP level 9. HP: 57/89 MP: 8/8
  1311 | D        | Killed a polar bear
  1312 | D        | Reached skill level 16 in Axes
  1312 | D        | Found a stormy altar of Qazlal.
  1312 | D        | Found an ornate altar of the Wu Jian Council.
  1314 | D        | Found a glowing golden altar of the Shining One.
  1616 | D        | Noticed a kraken
  1633 | D        | Received a gift from Trog
  1902 | D        | Killed a kraken
  1903 | D        | Reached skill level 17 in Axes
  2143 | D        | Noticed a glowing orange brain
  2143 | D        | Noticed Sonja
  2143 | D        | Noticed a purple draconian shifter
  2143 | D        | Noticed a hellephant
  2158 | D        | Killed a glowing orange brain
  2159 | D        | Reached skill level 18 in Axes
  2159 | D        | Reached XP level 10. HP: 61/101 MP: 9/9
  2165 | D        | Killed a purple draconian shifter
  2166 | D        | Killed from afar by a hellephant

Illustrated notes

Levels and vault maps discovered:
D:        the_violet_keep_of_menkaure [sprint2_stairs_cluster_1,
          sprint2_shoproom, sprint2_temple, sprint2_basic_supplies,
          sprint2_obstacle_7, sprint2_obstacle_6, sprint2_obstacle_4,
          sprint2_obstacle_3, sprint2_obstacle_5, sprint2_timed_cluster_1,
          sprint2_smallroom_cluster_1, sprint2_smallroom_final_cluster_1,
          sprint2_transparent_cluster_1, sprint2_second_timed_cluster_1,
          sprint2_sniper_area_1, sprint2_heavy_combat_area_1,
          sprint2_mutation_trap_area_1, sprint2_forest_area_1,
          sprint2_light_combat_area_1, sprint2_behind_water_1,
          sprint2_near_end_vault_1]

Skill      XL: |  1  2  3  4  5  6  7  8  9 |
---------------+----------------------------+-----
Fighting       | 5 6 7 9 10 11 13 | 13.7
Axes           | 6 8 9 12 13 15 18 | 18.6
Armour         | 4 5 6 8 9 11 13 | 13.4
Dodging        | 4 5 7 9 10 12 | 12.4

Action                   |  1- 3 |  4- 6 |  7- 9 | 10-12 || total
-------------------------+-------+-------+-------+-------++-------
Melee: Hand axe          |     6 |    13 |    61 |       ||    80
       Headbutt          |     2 |       |    14 |     2 ||    18
       Punch             |     1 |       |       |       ||     1
       Battleaxe         |       |       |    15 |     6 ||    21
Invok: Berserk           |     1 |     1 |     9 |       ||    11
Armor: Animal skin       |       |       |     8 |     1 ||     9
Dodge: Dodged            |     2 |     3 |    49 |     3 ||    57
